 Dungeon Crawl Stone Soup version 0.31-a0-803-g95b03c3367 (webtiles) character file.

Game seed: 10960179027620060617

6097 Dirtsage the Cleaver (level 10, 0/77 HPs)
             Began as a Demonspawn Fighter on Sept 21, 2023.
             Was a Priest of Wu Jian.
             Slain by a gnoll sergeant
             ... wielding a +0 trident of holy wrath
              (5 damage)
             ... on level 9 of the Dungeon.
             The game lasted 00:19:34 (8484 turns).

Dirtsage the Cleaver (Demonspawn Fighter)           Turns: 8484, Time: 00:19:34

Health: 0/77       AC: 13    Str: 22    XL:     10   Next: 58%
Magic:  10/10      EV: 10    Int:  9    God:    Wu Jian [***...]
Gold:   448        SH:  0    Dex: 12    Spells: 9/9 levels left

rFire   + . .        a - +0 war axe
rCold   . . .        c - +0 buckler
rNeg    . . .        u - +3 ring mail {rPois}
rPois   +            (helmet restricted)
rElec   .            s - scarf {shadows}
rCorr   .            (no gloves)
SInv    .            A - +0 pair of boots
Will    .....        (no amulet) Stlth
                     m - +4 ring of slaying
HPRegen 0.32/turn    F - ring of protection from fire
MPRegen 0.12/turn

%: no passive effects
@: confused
A: antennae 1, slimy green scales 3, foul stench 1
a: Renounce Religion, Wall Jump, Serpent's Lash


You were on level 9 of the Dungeon.
You worshipped Wu Jian.
Wu Jian was most pleased with you.
You visited 2 branches of the dungeon, and saw 10 of its levels.

You collected 448 gold pieces.

Inventory:

Hand Weapons
 a - a +0 war axe (weapon)
 E - a +0 broad axe
Missiles
 I - 2 curare-tipped darts
Armour
 c - a +0 buckler (worn)
 s - a scarf of shadows (worn)
 u - a +3 ring mail of poison resistance (worn)
 A - a +0 pair of boots (worn)
Jewellery
 e - a ring of fire
 k - a ring of magical power
 m - a +4 ring of slaying (left hand)
 F - a ring of protection from fire (right hand)
 N - a ring of positive energy
Wands
 v - a wand of light (9)
 G - a wand of roots (14)
Scrolls
 b - a scroll of silence {unknown}
 f - a scroll of blinking {unknown}
 g - 4 scrolls of fear
 h - 2 scrolls of fog
 j - a scroll of enchant weapon {unknown}
 r - 2 scrolls of brand weapon {unknown}
 t - 3 scrolls of teleportation
 w - a scroll of noise {unknown}
 x - a scroll of immolation {unknown}
 y - a scroll of butterflies
 z - 2 scrolls of vulnerability
 H - 2 scrolls of poison {unknown}
 J - a scroll of amnesia {unknown}
Potions
 d - 2 potions of might
 i - a potion of magic {unknown}
 l - 3 potions of heal wounds
 n - a potion of resistance
 o - a potion of enlightenment {unknown}
 p - a potion of haste {unknown}
 B - a potion of attraction {unknown}
 C - 2 potions of brilliance
 D - a potion of invisibility


   Skills:
 + Level 6.3 Fighting
 * Level 12.0 Axes
 - Level 2.6 Armour
 + Level 5.8 Shields
 + Level 4.7 Evocations


You had 9 spell levels left.
You didn't know any spells.
Your spell library contained the following spells:

 Spells                   Type           Power      Damage    Failure   Level
 Freeze                   Ice            0%         1d3       61%         1
 Kiss of Death            Conj/Necr      0%         2d5       61%         1
 Shock                    Conj/Air       0%         1d3       61%         1
 Call Canine Familiar     Summ           0%         N/A       93%         3
 Confusing Touch          Hex            0%         N/A       93%         3
 Frozen Ramparts          Ice            0%         1d1       93%         3
 Hailstorm                Conj/Ice       0%         3d3       93%         3
 Ignite Poison            Fire/Tmut/Pois 0%         N/A       93%         3
 Mephitic Cloud           Conj/Pois/Air  0%         N/A       93%         3
 Sigil of Binding         Hex            0%         N/A       93%         3
 Dimensional Bullseye     Hex/Tloc       0%         N/A       100%        4
 Dispel Undead            Necr           0%         3d6       100%        4
 Leda's Liquefaction      Hex/Erth       0%         N/A       100%        4
 Sticky Flame             Conj/Fire      0%         2d3       100%        4
 Vhi's Electric Charge    Tloc/Air       0%         N/A       100%        4
 Arcjolt                  Conj/Air       0%         1d10      100%        5
 Lee's Rapid Deconstruct  Erth           0%         3d4*      100%        5
 Leda's Unmaking          Conj/Erth      0%         9d1       100%        6
 Plasma Beam              Fire/Air       0%         2x1d10    100%        6
 Ignition                 Fire           0%         3d3       100%        8


Dungeon Overview and Level Annotations

Branches:
Dungeon (9/15)             Temple (1/1) D:7
   Lair: D:8-11         Orc: D:9-12

Altars:
Ashenzari
Cheibriados
Dithmenos
Fedhas
Gozag
Hepliaklqana
Kikubaaqudgha
Makhleb
Nemelex Xobeh
Okawaru
Qazlal
Ru
Sif Muna
Trog
Uskayaw
Vehumet
Wu Jian
Xom
Yredelemnul

Shops:
D:1 [

Annotations:
D:9 Maurice


Innate Abilities, Weirdness & Mutations

You have a pair of small antennae on your head.
You are completely covered in slimy green scales. (AC +4, rPois)
You may rarely emit foul miasma when damaged in melee.


Message History

You hit the gnoll sergeant but do no damage.
The gnoll sergeant is lightly wounded.
You barely miss the kobold. You slash something! Something hits you.
Something steals your +6 ring of dexterity!
The kobold hits you but does no damage.
The gnoll sergeant hits you but does no damage.
You take 3 damage, and have 57/77 hp.
You slash the gnoll sergeant!
The gnoll sergeant is moderately wounded.
You hit the kobold but do no damage. You barely miss something.
You hear a zap.
A bolt of light appears from out of thin air!
The bolt of light hits you!
You are confused.
The gnoll sergeant hits you with a +0 trident of holy wrath!
You convulse!
You take 32 damage, and have 25/77 hp.
MASSIVE DAMAGE!!
You slash the gnoll sergeant!
The gnoll sergeant is severely wounded.
You slash the kobold!
You kill the kobold!
The Council accepts your kill.
You can now briefly move at supernatural speeds.
You miss the kobold brigand. You miss something.
The centaur shoots an arrow.
The arrow hits you.
* * * LOW HITPOINT WARNING * * *
Something hits you but does no damage.
The gnoll sergeant hits you with a +0 trident of holy wrath.
* * * LOW HITPOINT WARNING * * *
You convulse.
* * * LOW HITPOINT WARNING * * *
The centaur shoots an arrow.
The arrow hits you but does no damage.
You take 8 damage, and have 17/77 hp.
You bump into the rock wall.
The centaur shoots an arrow.
Something hits you.
* * * LOW HITPOINT WARNING * * *
Something steals 1 of your 3 curare-tipped darts!
The gnoll sergeant hits you with a +0 trident of holy wrath.
* * * LOW HITPOINT WARNING * * *
You convulse.
You die...

..............
..........)... ...
#####..####### ....
#..# .... #..# .....
#..#
.....#########..#######
...c.KK)...............
.....{@................
####.g#########..######
#.. #..# #.. #..# #..
#..# #.. #..# #.. #..#
#..# #..#


You could see a kobold brigand, a gnoll sergeant, a centaur and a kobold.

Vanquished Creatures
  The ghost of t4s4d4r the Skirmisher, a novice DrHu (D:8)
  Maggie (D:7)
  Grinder (D:3)
  Prince Ribbit (D:6)
  2 wyverns
  Eustachio (D:5)
  2 steam dragons
  4 acid dragons
  A water moccasin (D:6)
  Duvessa (D:4)
  3 ice beasts
  A black bear (D:8)
  2 ogres
  3 centaurs
  A phantom (D:6)
  2 kobold brigands
  6 bullfrogs
  A scorpion (D:7)
  4 wights (D:5)
  Dowan (D:4)
  11 killer bees
  3 howler monkeys (D:7)
  4 quasits (D:8)
  3 jellies
  3 orc priests
  12 hounds
  Crazy Yiuf (D:6)
  2 iguanas (D:6)
  8 orc wizards
  Robin (D:3)
  11 gnolls
  7 adders
  3 shadow imps
  2 ufetubi
  2 dart slugs (D:3)
  3 worms
  18 orcs
  6 ball pythons
  8 endoplasms
  10 giant cockroaches
  14 goblins
  7 hobgoblins
  7 jackals
  21 kobolds
  3 quokkas
  3 bats
  4 frilled lizards
  9 rats
225 creatures vanquished.

Notes
Turn   | Place    | Note
-------+----------+-------------------------------------------
     0 | D:1      | Dirtsage the Demonspawn Fighter began the quest for the
                  | Orb.
     0 | D:1      | Reached XP level 1. HP: 18/18 MP: 1/1
    30 | D:1      | Reached skill level 2 in Axes
   238 | D:1      | Gained mutation: You may rarely emit foul miasma when
                  | damaged in melee. [demonic ancestry]
   238 | D:1      | Reached XP level 2. HP: 24/24 MP: 2/2
   439 | D:1      | Found Xipn's Antique Armour Boutique.
   507 | D:1      | Reached skill level 3 in Axes
   568 | D:1      | Gained mutation: You are partially covered in slimy green
                  | scales. (AC +2) [demonic ancestry]
   568 | D:1      | Reached XP level 3. HP: 28/29 MP: 3/3
   793 | D:2      | Found a faded altar of an unknown god.
  1308 | D:2      | Gained mutation: You have a pair of small antennae on your
                  | head. [demonic ancestry]
  1308 | D:2      | Reached XP level 4. HP: 31/35 MP: 4/4
  1334 | D:2      | Reached skill level 4 in Axes
  1631 | D:3      | Noticed Robin
  1645 | D:3      | Killed Robin
  1775 | D:3      | Gained mutation: You are mostly covered in slimy green
                  | scales. (AC +3) [demonic ancestry]
  1775 | D:3      | Reached XP level 5. HP: 16/41 MP: 5/5
  1907 | D:3      | Noticed Grinder
  1913 | D:3      | Paralysed by Grinder for 3 turns
  1932 | D:3      | Paralysed by Grinder for 2 turns
  1937 | D:3      | Killed Grinder
  1938 | D:3      | Reached skill level 6 in Axes
  1938 | D:3      | Reached XP level 6. HP: 10/47 MP: 6/6
  3246 | D:4      | Reached skill level 7 in Axes
  3246 | D:4      | Reached XP level 7. HP: 52/52 MP: 7/7
  3269 | D:4      | Noticed Duvessa
  3270 | D:4      | Noticed Dowan
  3281 | D:4      | Killed Duvessa
  3282 | D:4      | Killed Dowan
  3459 | D:4      | Found a basalt altar of Yredelemnul.
  3459 | D:4      | Found an ornate altar of the Wu Jian Council.
  3555 | D:4      | Reached skill level 8 in Axes
  3912 | D:4      | Became a worshipper of the Wu Jian Council
  3968 | D:5      | Entered Level 5 of the Dungeon
  3980 | D:5      | Noticed Eustachio
  4054 | D:5      | Killed Eustachio
  4108 | D:5      | Got a shiny book
  4165 | D:5      | Gained mutation: You are completely covered in slimy green
                  | scales. (AC +4, rPois) [demonic ancestry]
  4165 | D:5      | Reached XP level 8. HP: 58/58 MP: 8/8
  4247 | D:5      | Reached skill level 9 in Axes
  4423 | D:5      | Reached skill level 10 in Axes
  4734 | D:6      | Noticed Prince Ribbit
  4742 | D:6      | Killed Prince Ribbit
  5021 | D:6      | Reached XP level 9. HP: 60/65 MP: 9/9
  5162 | D:6      | Reached * piety under Wu Jian
  5163 | D:6      | Reached skill level 1 in Evocations
  5604 | D:6      | Found a radiant altar of Vehumet.
  5877 | D:6      | Found a runed translucent door.
  5878 | D:6      | Noticed Crazy Yiuf
  5884 | D:6      | Killed Crazy Yiuf
  6014 | D:7      | Found a snail-covered altar of Cheibriados.
  6018 | D:7      | Reached skill level 11 in Axes
  6021 | D:7      | Found a hazy altar of Hepliaklqana.
  6024 | D:7      | Found a broken altar of Ashenzari.
  6026 | D:7      | Found an opulent altar of Gozag.
  6031 | D:7      | Found a bloodstained altar of Trog.
  6085 | D:7      | Reached skill level 5 in Fighting
  6110 | D:7      | Noticed Maggie
  6128 | D:7      | Killed Maggie
  6463 | D:7      | Reached ** piety under Wu Jian
  6488 | D:7      | Reached skill level 5 in Shields
  6547 | D:7      | Found a staircase to the Ecumenical Temple.
  6558 | D:7      | Reached XP level 10. HP: 54/74 MP: 10/10
  6562 | Temple   | Entered the Ecumenical Temple
  7086 | D:8      | Found a transporter.
  7094 | D:8      | Noticed t4s4d4r's ghost (novice DrHu)
  7101 | D:8      | Found a transporter.
  7753 | D:8      | Killed t4s4d4r's ghost
  8003 | D:9      | Reached skill level 12 in Axes
  8469 | D:9      | Noticed Maurice
  8481 | D:9      | Something stole a +6 ring of dexterity
  8483 | D:9      | Reached *** piety under Wu Jian
  8484 | D:9      | Something stole 3 curare-tipped darts
  8484 | D:9      | Slain by a gnoll sergeant

Illustrated notes

Levels and vault maps discovered:
D:1:      lightli_arrival_flooded_house, layout_loops_ring, serial_shops,
          nicolae_diamond_shop
D:2:      layout_basic, ebering_ecumenical_altar_webs, grunt_ministairs_15,
          minmay_pentomino_q2
D:3:      kb_forest_paths, layout_loops_corners, uniq_grinder, uniq_robin
D:4:      layout_basic, jmf_multi_god_temple, uniq_duvessa
D:5:      layout_cave_pools, grunt_decor_junction, uniq_eustachio
D:6:      cheibrodos_barr_body, layout_basic, vehumet_crystals,
          uniq_prince_ribbit1, uniq_crazy_yiuf_cottage
D:7:      layout_basic, nicolae_overflow_hallway_of_the_gods,
          minmay_temple_entry_trees, uniq_maggie
D:8:      layout_basic, gammafunk_ghost_stat_death
D:9:      layout_small_grid, st_stairs_8, uniq_maurice
Temple:   zaba_magenta_temple

Skill      XL: |  1  2  3  4  5  6  7  8  9 10 |
---------------+-------------------------------+-----
Axes           | 2 3 4 6 7 8 10 11 12 | 12.0
Shields        | 3 5 |  5.8
Fighting       | 4 5 6 |  6.3
Evocations     | 3 4 |  4.7
Armour         | |  2.6

Action                     |  1- 3 |  4- 6 |  7- 9 | 10-12 || total
---------------------------+-------+-------+-------+-------++-------
  Melee: War axe           |   131 |   119 |   275 |   161 ||   686
  Throw: Dart              |       |       |     3 |     3 ||     6
Ability: Lunge             |       |       |    14 |     5 ||    19
         Whirlwind         |       |       |     5 |    32 ||    37
    Use: Potion            |       |       |     1 |     2 ||     3
         Scroll            |       |       |     9 |     3 ||    12
 Armour: Scale mail        |    93 |    93 |     3 |       ||   189
         Ring mail         |       |       |   158 |   202 ||   360
  Dodge: Dodged            |    53 |    63 |   108 |   131 ||   355
  Block: Buckler           |    28 |    28 |    60 |    52 ||   168

Table legend: (Time is in decaauts)
 A = Elapsed time spent in this place.
 B = Non-inter-level travel time spent in this place.
 C = Inter-level travel time spent in this place.
 D = Time resting spent in this place.
 E = Time spent auto-exploring this place.
 F = Levels seen in this place.
 G = Mean time per level.
                   A        B        C        D        E       F      G
               +--------+--------+--------+--------+--------+-----+--------+
         Total |   8563 |   8125 |    438 |    263 |   6521 |  10 |  856.3 |
       Dungeon |   8561 |   8123 |    438 |    263 |   6521 |   9 |  951.2 |
        Temple |      1 |      1 |      0 |      0 |      0 |   1 |    1.0 |
               +--------+--------+--------+--------+--------+-----+--------+

Top non-repeatable levels by time:
     D:3: 1576 daAuts
     D:6: 1271 daAuts
     D:8: 1135 daAuts
     D:2: 863 daAuts
     D:1: 820 daAuts
     D:4: 793 daAuts
     D:7: 751 daAuts
     D:5: 719 daAuts
     D:9: 631 daAuts
  Temple: 1 daAuts
